 Dungeon Crawl Stone Soup version 0.15.2 (webtiles) character file.

5515 magipi the Basher (level 10, -1/76 HPs)
             Began as a Mummy Berserker on Apr 10, 2017.
             Was a High Priest of Trog.
             Slain by an unseen horror (6 damage)
             ... on Level 10 of the Dungeon.
             The game lasted 00:50:31 (11820 turns).

magipi the Basher (Mummy Berserker)                Turns: 11820, Time: 00:50:31

HP  -1/76        AC 17     Str 20      XL: 10   Next: 43%
MP  10/10        EV  7     Int  6      God: Trog [*****.]
Gold 622         SH  0     Dex 14      Spells:  0 memorised,  9 levels left

rFire  x . .     SeeInvis .     a - +2 whip (elec)
rCold  + . .     Clarity  .     c - +1 chain mail {MR+}
rNeg   + + +     rCorr    .     (no shield)
rPois  +         rRot     +     f - +1 helmet
rElec  .         Spirit   .     h - +1 cloak
SustAb .         Warding  .     (no gloves)
rMut   .         Stasis   .     t - +0 pair of boots
Gourm  .                        (no amulet)
MR     ++...                    (no ring)
                                (no ring)

@: very resistant to hostile enchantments, extremely unstealthy
A: no food or potions, fire vulnerability, restore body, cold resistance 1,
negative energy resistance 3, poison resistance, torment resistance, unbreathing
a: Burn Spellbooks, Trog's Hand, Brothers in Arms, Renounce Religion


You were on level 10 of the Dungeon.
You worshipped Trog.
Trog was extremely pleased with you.
You were not hungry.

You visited 1 branch of the dungeon, and saw 10 of its levels.

You collected 622 gold pieces.

Inventory:

Hand weapons
 a - a +2 whip of electrocution (weapon)
 b - a +3 flail of protection
 e - a +0 blowgun
Missiles
 g - 6 poisoned tomahawks (quivered)
Armour
 c - a +1 chain mail of magic resistance (worn)
 f - a +1 helmet (worn)
 h - a +1 cloak (worn)
 t - a +0 pair of boots (worn)
Magical devices
 i - a wand of confusion (11)
 k - a wand of magic darts (1)
 n - a wand of flame (10)
 o - a wand of flame (6)
 p - a wand of polymorph (11)
 q - a wand of digging (21)
 r - a wand of random effects (12) {unknown}
 s - a wand of magic darts (2)
Scrolls
 d - 3 scrolls of fear
 j - 3 scrolls of remove curse
 l - 5 scrolls of teleportation
 m - a scroll of magic mapping


   Skills:
 + Level 6.3 Fighting
 - Level 10.0 Maces & Flails
 + Level 7.8 Armour
 - Level 1.5 Dodging


You had 9 spell levels left.
You didn't know any spells.

Dungeon Overview and Level Annotations

Branches:
Dungeon (10/15)            Temple (0/1) D:7            Lair (0/8) D:9
    Orc: D:9-12

Altars:
Nemelex Xobeh
Trog

Shops:
D:5 [

Annotations:
D:1 dig
D:6 Dowan, Duvessa
D:8 exclusion: 2 doors


Innate Abilities, Weirdness & Mutations

You do not eat or drink.
Your flesh is vulnerable to fire.
Your flesh is cold resistant.
You are immune to negative energy.
Your system is resistant to poisons.
You are immune to unholy pain and torment.
You can survive without breathing.

Vault maps used:
D:1:      evilmike_arrival_come_back, due_unseen_surprise
D:2:      bloody_trog
D:3:      grunt_decor_one_mirror, nemelex_spade_bored_becter, uniq_jessica,
          uniq_sigmund
D:4:      first_bread, hangedman_minor_gate_pass, uniq_prince_ribbit1,
          uniq_iyjb, uniq_eustachio
D:5:      serial_shops, kennysheep_mini_moat, st_stairs_14, uniq_natasha
D:6:      serial_shops, shop, uniq_duvessa
D:7:      minmay_temple_entry_crystal_x, uniq_edmund, uniq_blork_the_orc
D:8:      blue_anna_alchemist
D:9:      lair_0_dummy, enter_bailey_3, columned_hall_lemuel


Message History

You closely miss the ice beast.
The ice beast is heavily wounded.
You completely miss the ice beast.
The ice beast is heavily wounded.
The ice beast hits you but does no damage.
You closely miss the ice beast.
The ice beast is heavily wounded.
The ice beast hits you but does no damage.
You hit the ice beast.
The ice beast is severely wounded.
You closely miss the ice beast.
The ice beast is severely wounded.
The ice beast hits you but does no damage.
You hit the ice beast but do no damage.
The ice beast is severely wounded.
You hit the ice beast.
There is a sudden explosion of sparks!
You kill the ice beast!
Trog accepts your kill.
A giant frog skeleton comes into view.
Something hits you but does no damage.
Unknown command.
Something hits you but does no damage. Something hits you but does no damage.
Something hits you. Something hits you but does no damage.
Something hits you but does no damage. Something hits you. Something hits you.
Something hits you but does no damage. What do you say? t - Shout!
Orders for allies: a - Attack new target. r - Retreat! s - Stop attacking. w - Wait here. f - Follow me.
Anything else - Stay silent.
You shout for attention!
Something hits you but does no damage. Something hits you.
Something hits you but does no damage. Something hits you but does no damage.
Something hits you but does no damage.
You hit something. Something hits you.
You closely miss something. Something hits you but does no damage.
Something hits you but does no damage.
You completely miss something. Something hits you!
Something hits you but does no damage.
You hit something. Something hits you.
You swing at nothing.
You hit something but do no damage. Something hits you but does no damage.
Something hits you.
You hit something. Something hits you but does no damage.
You hit something. Something hits you.
You miss something. Something hits you but does no damage.
Something hits you but does no damage.
You closely miss something. Something hits you but does no damage.
You hit something. Something hits you! Something hits you but does no damage.
You barely miss something. Something hits you but does no damage.
You hit something but do no damage. Something hits you but does no damage.
Something hits you but does no damage.
You completely miss something. Something hits you but does no damage.
You hit something. Something hits you but does no damage.
Your chain mail prevents you from hitting something.
Something hits you but does no damage. x2
You hit something. Something hits you.
Your chain mail prevents you from hitting something.
Something hits you.
You swing at nothing.
Something hits you!
* * * LOW HITPOINT WARNING * * *
You hit something. Something hits you but does no damage.
You closely miss something. Something hits you.
* * * LOW HITPOINT WARNING * * *
You barely miss something. Something hits you but does no damage.
Something hits you.
* * * LOW HITPOINT WARNING * * *
Use which ability? (? or * to list)
Your troll goes berserk!
Something hits you.
* * * LOW HITPOINT WARNING * * *
Something misses your troll. What do you say? t - Shout!
Orders for allies: a - Attack new target. r - Retreat! s - Stop attacking. w - Wait here. f - Follow me.
Anything else - Stay silent.
Follow me!
Something hits you.
* * * LOW HITPOINT WARNING * * *
Something hits you but does no damage. What do you say? t - Shout!
Orders for allies: a - Attack new target. r - Retreat! s - Stop attacking. w - Wait here. f - Follow me.
Anything else - Stay silent.
Follow me!
Something hits you.
* * * LOW HITPOINT WARNING * * *
Something hits you.
* * * LOW HITPOINT WARNING * * *
Something hits you.
You die...

#...# #...#
#...##################
#..................<..
#(..##################
#...# #### #...# #...
##..###### #.#.# ###
##..@..T####.#..###.#
######...##.# ..#...
###.##.# #.#...
########..#.###.#...
....................
#########.#.#####...
#...# #... ##..# ##.#
##..####...#


You could see a friendly troll (berserk).

Table legend:
 A = Kills in this place as a percentage of kills in entire the game.
 B = Kills by you in this place as a percentage of kills by you in the entire game.
 C = Kills by friends in this place as a percentage of kills by friends in the entire game.
 D = Other kills in this place as a percentage of other kills in the entire game.
 E = Experience gained in this place as a percentage of experience gained in the entire game.
 F = Experience gained in this place divided by the number of levels of this place that you have seen.
                   A       B       C       D       E      F
               +-------+-------+-------+-------+-------+----------------------
         Total | 100.0 | 100.0 | 100.0 |  -nan | 100.0 | 787.9
       Dungeon | 100.0 | 100.0 | 100.0 |  -nan | 100.0 | 787.9
               +-------+-------+-------+-------+-------+----------------------

Vanquished Creatures
  Prince Ribbit (D:4)
  3 yaks (D:9)
  A hill giant zombie (D:10)
  Eustachio (D:4)
  2 hungry ghosts
  Edmund (D:7)
  2 orc warriors
  2 phantoms
  4 ogres
  2 black bears
  A yellow wasp (D:8)
  2 ice beasts
  2 centaurs
  A big kobold (D:9)
  Sigmund (D:3)
  4 giant frogs
  A gnoll sergeant (D:9)
  A cyclops zombie (D:9)
  16 killer bees
  A scorpion (D:10)
  A troll zombie (D:9)
  2 jellies
  3 hounds
  5 orc priests
  6 orc wizards
  Natasha (thrice) (D:5)
  2 iguanas
  6 worker ants
  Ijyb (D:4)
  Jessica (D:3)
  2 green rats (D:4)
  14 gnolls
  6 adders
  A giant mite (D:1)
  An inept item mimic (D:4)
  5 shadow imps
  2 worms
  An adder zombie (D:8)
  6 giant geckos
  An ooze (D:2)
  28 orcs
  A bat skeleton (D:8)
  7 giant cockroaches
  10 goblins
  14 hobgoblins
  5 jackals
  17 kobolds
  3 quokkas
  2 ball pythons (D:3)
  11 bats
  A giant gecko skeleton (D:5)
  5 giant newts
  A giant spore (D:5)
  A kobold skeleton (D:5)
  A kobold zombie (D:7)
  An orc zombie (D:5)
  A quokka zombie (D:6)
  16 rats
  15 ballistomycetes (D:5)
258 creatures vanquished.

Vanquished Creatures (collateral kills)
  An ugly thing (D:10)
  The ghost of glosham the Skirmisher, an average OgAM (D:9)
  A black bear (D:7)
  Blork the orc (D:7)
  A giant frog (D:10)
  An orc wizard (D:8)
  2 orcs (D:8)
  A kobold (D:8)
  2 rats
11 creatures vanquished.

Grand Total: 269 creatures vanquished

Notes
Turn   | Place    | Note
--------------------------------------------------------------
     0 | D:1      | magipi, the Mummy Berserker, began the quest for the Orb.
     0 | D:1      | Reached XP level 1. HP: 18/18 MP: 1/1
     8 | D:1      | Noticed a giant frog
   410 | D:1      | Reached XP level 2. HP: 20/24 MP: 2/2
   767 | D:2      | Found a bloodstained altar of Trog.
   837 | D:2      | Reached XP level 3. HP: 25/29 MP: 3/3
  1264 | D:2      | Acquired Trog's second power
  1834 | D:3      | Reached skill level 4 in Maces & Flails
  1871 | D:3      | Found a sparkling altar of Nemelex Xobeh.
  1924 | D:3      | Reached XP level 4. HP: 33/35 MP: 4/4
  2034 | D:3      | Noticed Sigmund
  2051 | D:3      | Killed Sigmund
  2051 | D:3      | Reached skill level 5 in Maces & Flails
  2051 | D:3      | Reached XP level 5. HP: 35/41 MP: 5/5
  2059 | D:3      | Noticed Jessica
  2067 | D:3      | Killed Jessica
  2653 | D:4      | Noticed an ogre
  2749 | D:4      | Noticed a phantom
  2806 | D:4      | Killed a phantom
  2806 | D:4      | Reached XP level 6. HP: 36/47 MP: 6/6
  2839 | D:4      | Noticed Eustachio
  2899 | D:4      | Killed Eustachio
  2899 | D:4      | Reached skill level 6 in Maces & Flails
  3247 | D:4      | Noticed Ijyb
  3253 | D:4      | Reached XP level 7. HP: 52/52 MP: 7/7
  3265 | D:4      | Killed Ijyb
  3505 | D:4      | Reached skill level 7 in Maces & Flails
  3700 | D:4      | Noticed Prince Ribbit
  3717 | D:4      | Killed Prince Ribbit
  3717 | D:4      | Acquired Trog's third power
  3797 | D:5      | Entered Level 5 of the Dungeon
  3815 | D:5      | Found Psuasm's Armour Shop.
  3856 | D:5      | Noticed Natasha
  3865 | D:5      | Killed Natasha
  4124 | D:5      | Reached skill level 8 in Maces & Flails
  4124 | D:5      | Reached XP level 8. HP: 55/58 MP: 8/8
  4148 | D:5      | Noticed Natasha
  4171 | D:5      | Killed Natasha
  4565 | D:5      | Noticed Natasha
  4581 | D:5      | Killed Natasha
  5773 | D:6      | Noticed Dowan
  5923 | D:7      | Found a staircase to the Ecumenical Temple.
  6282 | D:7      | Noticed Edmund
  6338 | D:7      | Killed Edmund
  6338 | D:7      | Reached skill level 9 in Maces & Flails
  6451 | D:7      | Noticed Blork the orc
  6481 | D:7      | Killed Blork the orc
  6508 | D:7      | Reached XP level 9. HP: 63/63 MP: 9/9
  6650 | D:6      | Reached skill level 5 in Armour
  6661 | D:6      | Noticed Duvessa
  8911 | D:4      | Killed an ogre
  9044 | D:1      | Killed a giant frog
  9652 | D:9      | Reached skill level 10 in Maces & Flails
  9761 | D:9      | Found a staircase to the Lair.
  9765 | D:9      | Noticed glosham's ghost (average OgAM)
  9784 | D:9      | Killed glosham's ghost
 10079 | D:9      | Reached XP level 10. HP: 68/73 MP: 10/10
 10782 | D:9      | Reached skill level 5 in Fighting
 11183 | D:10     | Entered Level 10 of the Dungeon
 11433 | D:10     | Noticed a brown ugly thing
 11493 | D:10     | Killed a brown ugly thing
 11820 | D:10     | Slain by an unseen horror

Action                   |  1- 3 |  4- 6 |  7- 9 | 10-12 || total
-------------------------+-------+-------+-------+-------++-------
Melee: Mace              |   116 |    14 |       |       ||   130
       Flail             |       |   132 |   555 |       ||   687
       Whip              |       |       |   116 |   254 ||   370
Throw: Tomahawk          |       |    10 |    33 |    12 ||    55
Invok: Trog's Hand       |       |     1 |       |       ||     1
       Brothers in Arms  |       |       |     3 |     2 ||     5
       Burn Spellbooks   |       |       |     1 |       ||     1
Evoke: Wand              |       |       |     8 |     1 ||     9
  Use: Scroll            |       |     6 |     9 |     1 ||    16
 Stab: Distracted        |       |       |     1 |       ||     1

Action                   |  1- 3 |  4- 6 |  7- 9 | 10-12 || total
-------------------------+-------+-------+-------+-------++-------
Melee: Mace              |   116 |    14 |       |       ||   130
       Flail             |       |   132 |   555 |       ||   687
       Whip              |       |       |   116 |   254 ||   370
Throw: Tomahawk          |       |    10 |    33 |    12 ||    55
Invok: Trog's Hand       |       |     1 |       |       ||     1
       Brothers in Arms  |       |       |     3 |     2 ||     5
       Burn Spellbooks   |       |       |     1 |       ||     1
Evoke: Wand              |       |       |     8 |     1 ||     9
  Use: Scroll            |       |     6 |     9 |     1 ||    16
 Stab: Distracted        |       |       |     1 |       ||     1
